 Dungeon Crawl Stone Soup version 0.24-a0-784-g601f8f6d22 (webtiles) character file.

Game seed: 16606521525170055919, levelgen mode: deterministic

256 Johnny the Digger (level 5, 0/41 HPs)
             Began as a Demigod Earth Elementalist on Oct 9, 2019.
             Slain by a hornet zombie (1 damage)
             ... on level 4 of the Dungeon.
             The game lasted 00:03:43 (3273 turns).

Johnny the Digger (Demigod Earth Elementalist)      Turns: 3273, Time: 00:03:44

Health: 0/41       AC:  2    Str: 11    XL:     5   Next: 61%
Magic:  0/12       EV: 13    Int: 21    God:
Gold:   122        SH:  0    Dex: 16    Spells: 0/9 levels left

rFire    . . .     SeeInvis .   n - +1 trident (flame)
rCold    . . .     Gourm    .   (no shield)
rNeg     . . .     Faith    .   c - +0 robe
rPois    .         Spirit   .   (no helmet)
rElec    .         Reflect  .   (no cloak)
rCorr    .         Harm     .   (no gloves)
MR       .....                  (no boots)
Stlth    ++........             (no amulet)
HPRegen  0.13/turn              (no ring)
MPRegen  0.13/turn              (no ring)

@: very slightly contaminated
A: high mp 1
a: no special abilities


You were on level 4 of the Dungeon.
You were hungry.

You visited 1 branch of the dungeon, and saw 4 of its levels.

You collected 122 gold pieces.

Inventory:

Hand Weapons
 e - a +0 whip
 n - a +1 trident of flaming (weapon)
Missiles
 b - 132 stones (quivered)
Armour
 c - a +0 robe (worn)
Scrolls
 i - 2 scrolls of blinking {unknown}
 k - 2 scrolls of fear {unknown}
 o - a scroll of fog {unknown}
 p - a scroll of immolation {unknown}
 q - a scroll of teleportation {unknown}
 r - a scroll of enchant armour {unknown}
 t - a scroll of enchant weapon {unknown}
Potions
 a - 3 potions of curing {unknown}
 f - 2 potions of degeneration {unknown}
 g - 2 potions of resistance {unknown}
 h - 2 potions of berserk rage {unknown}
 j - 2 potions of haste {unknown}
 l - a potion of mutation {unknown}
 m - a potion of heal wounds {unknown}
 s - a potion of flight {unknown}
Comestibles
 d - 4 rations


   Skills:
 + Level 2.1 Fighting
 + Level 2.9 Dodging
 - Level 1.7 Stealth
 + Level 2.7 Spellcasting
   Level 0.8 Transmutations
 * Level 4.3 Earth Magic


You couldn't memorise any spells.
You knew the following spells:

 Your Spells              Type           Power        Failure   Level  Hunger
a - Sandblast             Erth           ###...       2%          1    None
b - Stone Arrow           Conj/Erth      ##....       17%         3    ###....
c - Lee's Rapid Deconstr  Erth           ###.......   54%         5    ######.

Your spell library contained the following spells:

 Spells                   Type           Power        Failure   Level  Hunger
 Passwall                 Tmut/Erth      ##......     7%          2    ##.....
 Petrify                  Tmut/Erth      ##......     43%         4    ####...


Dungeon Overview and Level Annotations

Branches:
Dungeon (4/15)
 Temple: D:4-7


Innate Abilities, Weirdness & Mutations

You have an increased reservoir of magic. (+10% MP)


Message History

* * * LOW HITPOINT WARNING * * *
Casting: Sandblast (safe; 2% risk of failure)
Confirm with . or Enter, or press ? or * to list all spells.
Aiming: Sandblast (safe; 2% risk of failure)
Press: ? - help, Shift-Dir - straight line, f/p - hornet zombie
Aim: a hornet zombie (almost destroyed)
The blast of sand misses the hornet zombie.
b - 133 stones The hornet zombie hits you!
* * * LOW HITPOINT WARNING * * *
Casting: Sandblast (safe; 2% risk of failure)
Confirm with . or Enter, or press ? or * to list all spells.
Aiming: Sandblast (safe; 2% risk of failure)
Press: ? - help, Shift-Dir - straight line, f/p - hornet zombie
Aim: a hornet zombie (almost destroyed)
The blast of sand hits the hornet zombie.
The hornet zombie is almost destroyed.
b - 132 stones The hornet zombie hits you.
You die...

######+###+##+
#.............
#.............
#.............
#.............
#.....@Z......
#..##..##.....
##..# ...
#...# . #...#
#...# #..<#
#####


You could see a hornet zombie.

Vanquished Creatures
  A hound (D:4)
  A quasit (D:3)
  An orc wizard (D:3)
  9 adders
  3 dart slugs
  4 leopard geckos
  3 orcs (D:3)
  4 ball pythons
  2 giant cockroaches
  14 goblins
  8 hobgoblins
  4 jackals (D:1)
  A quokka (D:3)
  5 bats
  3 frilled lizards (D:2)
  9 kobolds
  5 rats
77 creatures vanquished.

Notes
Turn   | Place    | Note
-------+----------+-------------------------------------------
     0 | D:1      | Johnny the Demigod Earth Elementalist began the quest for
                  | the Orb.
     0 | D:1      | Reached XP level 1. HP: 14/14 MP: 5/5
   298 | D:1      | You fall into a shaft and drop 1 floor!
   307 | D:2      | Reached skill level 3 in Earth Magic
   307 | D:2      | Reached XP level 2. HP: 22/22 MP: 2/7
   501 | D:2      | Reached XP level 3. HP: 15/27 MP: 3/8
   603 | D:2      | Reached skill level 1 in Fighting
  1329 | D:2      | Found a stormy altar of Qazlal.
  1388 | D:2      | Reached XP level 4. HP: 20/35 MP: 10/10
  1833 | D:2      | Found a snail-covered altar of Cheibriados.
  1833 | D:2      | Found a shimmering altar of Xom.
  1838 | D:2      | Found a shattered altar of Ashenzari.
  1840 | D:2      | Found a glowing golden altar of the Shining One.
  1841 | D:2      | Found a faded altar of an unknown god.
  2292 | D:3      | Reached skill level 4 in Earth Magic
  2496 | D:3      | Reached XP level 5. HP: 41/41 MP: 11/11
  2501 | D:3      | Learned a level 3 spell: Stone Arrow
  2507 | D:3      | Learned a level 5 spell: Lee's Rapid Deconstruction
  2513 | D:3      | Found a bloodstained altar of Trog.
  2515 | D:3      | Found a shadowy altar of Dithmenos.
  3189 | D:3      | Found an opulent altar of Gozag.
  3272 | D:4      | HP: 1/41 [hornet zombie (8)]
  3273 | D:4      | Slain by a hornet zombie

Levels and vault maps discovered:
D:1:      mrwooster_arrival_statue, layout_rooms, minmay_close_crescents
D:2:      layout_basic, grunt_qazlal_sundering,
          chequers_temple_overflow_minitemple
D:3:      layout_loops_corners, lemuel_crystal_altar, grunt_gozag_breadcrumbs,
          grunt_dithmenos_smoke
D:4:      layout_gridville, cheibrodos_sewer_entry_sluice

Skill      XL: |  1  2  3  4  5 |
---------------+----------------+-----
Dodging        | 2 |  2.9
Spellcasting   | 2 |  2.7
Earth Magic    | 3 4 |  4.3
Fighting       | 1 2 |  2.1
Stealth        | |  1.7
Transmutations | |  0.8

Action                   |  1- 3 |  4- 6 || total
-------------------------+-------+-------++-------
Melee: Unarmed           |    19 |       ||    19
       Whip              |    26 |    19 ||    45
       Trident           |       |    61 ||    61
 Cast: Sandblast         |    47 |    35 ||    82
 Stab: Sleeping          |     1 |     8 ||     9
  Eat: Chunk             |     1 |     6 ||     7
Armor: Robe              |    13 |    23 ||    36
Dodge: Dodged            |    51 |    74 ||   125

Table legend:
 A = Non-vault XP
 B = Vault XP
 C = Vault XP percentage of total XP
 D = Non-vault monster count
 E = Vault monster count
 F = Vault count percentage of total count
                 A         B        C        D         E       F
            +---------+---------+-------+---------+---------+-------
      Total |     356 |      11 |   3.0 |      72 |       5 |   6.5
            +---------+---------+-------+---------+---------+-------
        D:1 |      25 |      11 |  30.6 |      13 |       5 |  27.8
        D:2 |     107 |       0 |   0.0 |      30 |       0 |   0.0
        D:3 |     179 |       0 |   0.0 |      28 |       0 |   0.0
        D:4 |      45 |       0 |   0.0 |       1 |       0 |   0.0
            +---------+---------+-------+---------+---------+-------
